 Dungeon Crawl Stone Soup version 0.27.1-34-g3ba077fa99 (webtiles) character file.

Game seed: 3523650198407939241

4315 MisterFreud the Nimble (level 10, -1/73 HPs)
             Began as a Felid Berserker on Jan 18, 2022.
             Was a High Priest of Trog.
             Slain by a yak (15 damage)
             ... on level 11 of the Dungeon on Jan 20, 2022.
             The game lasted 00:12:50 (14023 turns).

MisterFreud the Nimble (Felid Berserker)           Turns: 14023, Time: 00:12:50

Health: -1/73      AC: -2    Str: 19    XL:     10   Next: 11%
Magic:  11/11      EV: 26    Int: 10    God:    Trog [*****.]
Gold:   564        SH:  0    Dex: 18    Spells: 9/9 levels left
                                        Lives:  0   Deaths: 2

rFire    . . .     SeeInvis +     - Unarmed
rCold    . . .     Faith    .   (shield unavailable)
rNeg     . . .     Spirit   .   (armour unavailable)
rPois    .         Reflect  .   (helmet unavailable)
rElec    .         Harm     .   (cloak unavailable)
rCorr    .         Rampage  .   (gloves unavailable)
Will     +....                  (boots unavailable)
Stlth    ..........             (no amulet)
HPRegen  0.22/turn              n - +6 ring of strength
MPRegen  0.12/turn              (no ring)

@: berserking (expiring), corroded, very quick
A: very small, claws 1, fangs 3, see invisible, speed 1, shaggy fur 2, stealthy
paws, no weapons or thrown items, no armour, multi-lived
a: Renounce Religion, Berserk, Trog's Hand, Brothers in Arms


You were on level 11 of the Dungeon.
You worshipped Trog.
Trog was extremely pleased with you.
You visited 1 branch of the dungeon, and saw 11 of its levels.

You collected 564 gold pieces.

Inventory:

Jewellery
 k - a ring of ice
 n - a +6 ring of strength (left paw)
Wands
 l - a wand of iceblast (19)
 r - a wand of paralysis (18)
 t - a wand of acid (9)
 v - a wand of digging (6)
Scrolls
 c - 4 scrolls of teleportation
 f - a scroll of acquirement {unknown}
 i - a scroll of fog {unknown}
 p - 3 scrolls of magic mapping {unknown}
 s - a scroll of enchant weapon {unknown}
Potions
 a - 2 potions of degeneration
 b - 3 potions of curing
 d - 2 potions of heal wounds
 e - 3 potions of attraction
 g - a potion of lignification {unknown}
 h - 3 potions of brilliance
 j - 2 potions of might
 m - 2 potions of resistance {unknown}
 o - 4 potions of berserk rage
 q - 2 potions of haste
 u - a potion of mutation {unknown}


   Skills:
 + Level 8.8 Fighting
 - Level 12.0 Dodging
 - Level 10.0 Stealth
 - Level 10.0 Unarmed Combat
 - Level 6.0 Evocations


You had 9 spell levels left.
You didn't know any spells.
Your spell library was empty.

Dungeon Overview and Level Annotations

Branches:
Dungeon (11/15)            Temple (0/1) D:4            Lair (0/6) D:9
    Orc: D:9-12

Altars:
Gozag
Hepliaklqana
Kikubaaqudgha
Trog
Zin
Beogh

Annotations:
D:6 exclusion: oklob plant


Innate Abilities, Weirdness & Mutations

You have sharp claws.
You have razor-sharp teeth.
You have supernaturally acute eyesight. (SInv)
You cover ground quickly. (Speed+)
You are covered in thick fur. (AC +2)
Your paws help you pounce on unaware monsters.
You are incapable of wielding weapons or throwing items.
You cannot wear armour.
You gain extra lives every three experience levels.


Message History

A red film seems to cover your vision as you go berserk!
You feel yourself moving faster!
You feel mighty!
The brown ugly thing closely misses you.
You claw the brown ugly thing! You bite the brown ugly thing!
The brown ugly thing is almost dead.
You barely miss the brown ugly thing.
The brown ugly thing is almost dead.
The brown ugly thing misses you. The yak completely misses you.
You closely miss the brown ugly thing.
The brown ugly thing is almost dead.
The brown ugly thing stings you! The acid corrodes you!
You are splashed with acid.
The yak closely misses you.
You scratch the brown ugly thing.
You kill the brown ugly thing!
Trog accepts your kill.
You claw the two-headed ogre!
The two-headed ogre is heavily wounded.
The yak misses you.
You claw the two-headed ogre!
The two-headed ogre is heavily wounded.
The two-headed ogre hits you with a +0 giant club!!
The two-headed ogre closely misses you.
You are too injured to fight recklessly!
You are too injured to fight recklessly!
You are too injured to fight recklessly!
You barely miss the two-headed ogre.
The two-headed ogre is heavily wounded.
You claw the two-headed ogre! You claw the two-headed ogre.
The two-headed ogre is severely wounded.
The yak completely misses you.
You claw the two-headed ogre!
The two-headed ogre is almost dead.
The two-headed ogre misses you.
The two-headed ogre hits you with a +0 giant club!
* * * LOW HITPOINT WARNING * * *
You scratch the two-headed ogre.
You kill the two-headed ogre!
Trog accepts your kill. The yak misses you. The yak gores you!
You die...

....#.........###.!.###.........
.#.##...........#...###.........
######............#...#.......##
# #..........###.......#..##
#.........##.#......#####
##................###
#........##.......#
#.........#YY.....#
##........@YY....##
###.........Y..####
#.......##.......#
###..#.####.....## ######
###.### ###


You could see 5 yaks.

Vanquished Creatures
  Gastronok (D:10)
  2 two-headed ogres
  2 ugly things (D:11)
  Maurice (D:8)
  A komodo dragon (D:10)
  A troll (D:10)
  A wraith (D:11)
  A wyvern (D:9)
  3 wargs (D:9)
  Edmund (D:6)
  A water moccasin (D:7)
  4 acid dragons
  6 orc warriors
  2 sky beasts
  2 black bears
  4 necrophages
  4 ogres
  5 centaurs
  A phantom (D:7)
  A kobold brigand (D:11)
  2 bullfrogs
  2 gnoll sergeants
  A water moccasin zombie (D:6)
  6 scorpions
  A water moccasin skeleton (D:6)
  5 killer bees (D:7)
  3 howler monkeys
  A centaur zombie (D:8)
  2 gnoll shamans
  8 jellies (D:6)
  10 orc priests
  A centaur skeleton (D:7)
  3 hounds
  A bullfrog skeleton (D:6)
  4 iguanas
  10 orc wizards
  A hound skeleton (D:4)
  A howler monkey zombie (D:10)
  3 adders (D:4)
  16 gnolls
  A howler monkey skeleton (D:6)
  2 white imps
  2 worms (D:2)
  46 orcs
  A bat (D:3)
  14 endoplasms
  9 goblins
  10 hobgoblins
  2 jackals (D:1)
  13 kobolds
  2 quokkas
  12 ball pythons
  2 frilled lizards
  8 rats
249 creatures vanquished.

Vanquished Creatures (others)
  A goblin (D:7)
  6 fungi (D:6)
  A plant (D:4)
8 creatures vanquished.

Grand Total: 257 creatures vanquished

Notes
Turn   | Place    | Note
-------+----------+-------------------------------------------
     0 | D:1      | MisterFreud the Felid Berserker began the quest for the
                  | Orb.
     0 | D:1      | Reached XP level 1. HP: 10/10 MP: 2/2
   338 | D:1      | Reached skill level 1 in Stealth
   435 | D:1      | Reached XP level 2. HP: 14/14 MP: 3/3
  1046 | D:1      | Found a faded altar of an unknown god.
  1481 | D:2      | Found an opulent altar of Gozag.
  1509 | D:2      | Reached XP level 3. HP: 17/17 MP: 4/4
  2141 | D:2      | Reached ** piety under Trog
  3391 | D:4      | Noticed a necrophage
  3403 | D:4      | Killed a necrophage
  3404 | D:4      | Reached XP level 4. HP: 12/21 MP: 5/5
  3404 | D:4      | Reached XP level 5. HP: 14/24 MP: 6/6
  3633 | D:4      | Noticed a black bear
  3647 | D:4      | Killed a black bear
  3648 | D:4      | Reached skill level 5 in Stealth
  3648 | D:4      | Reached skill level 5 in Unarmed Combat
  3740 | D:4      | Found a staircase to the Ecumenical Temple.
  3958 | D:4      | Gained mutation: You are covered in thick fur. (AC +2)
                  | [Felid growth]
  3958 | D:4      | Reached XP level 6. HP: 28/28 MP: 7/7
  4379 | D:4      | Found a hazy altar of Hepliaklqana.
  4946 | D:5      | Entered Level 5 of the Dungeon
  4961 | D:5      | Reached skill level 5 in Dodging
  5044 | D:5      | Reached skill level 6 in Dodging
  5044 | D:5      | Reached XP level 7. HP: 31/31 MP: 8/8
  5138 | D:5      | Reached skill level 7 in Dodging
  5233 | D:5      | Reached *** piety under Trog
  5341 | D:5      | Reached skill level 8 in Dodging
  5836 | D:6      | Reached skill level 9 in Dodging
  5836 | D:6      | Reached XP level 8. HP: 34/34 MP: 9/9
  5957 | D:6      | Reached skill level 10 in Dodging
  6495 | D:6      | Reached skill level 5 in Fighting
  6983 | D:6      | Reached skill level 1 in Evocations
  7246 | D:6      | Noticed Edmund
  7250 | D:6      | Killed Edmund
  7265 | D:6      | Reached XP level 9. HP: 29/41 MP: 10/10
  7649 | D:6      | Noticed an oklob plant
  7965 | D:7      | Reached **** piety under Trog
  8254 | D:7      | Reached skill level 11 in Dodging
  8297 | D:7      | Found a bloodstained altar of Trog.
  8604 | D:7      | Identified the +7 dire flail of the Land of Plenty {pain,
                  | Str+2}
  8884 | D:7      | Found a glowing silver altar of Zin.
  9664 | D:8      | Noticed Maurice
  9676 | D:8      | Killed Maurice
 10099 | D:8      | Reached XP level 10. HP: 34/45 MP: 11/11
 10435 | D:8      | Reached skill level 5 in Evocations
 10631 | D:8      | You fall into a shaft and drop 3 floors!
 10634 | D:10     | Entered Level 10 of the Dungeon
 10755 | D:11     | Noticed a purple ugly thing
 10766 | D:11     | Killed a purple ugly thing
 11222 | D:10     | Splashed by an acid dragon's acid
 11223 | D:10     | Reached XP level 9. HP: -5/61 MP: 10/10
 11272 | D:9      | Found an ancient bone altar of Kikubaaqudgha.
 11587 | D:9      | Found a staircase to the Lair.
 11647 | D:9      | Reached skill level 12 in Dodging
 12059 | D:9      | Noticed a two-headed ogre
 12076 | D:9      | Killed a two-headed ogre
 12077 | D:9      | Reached skill level 10 in Stealth
 12163 | D:9      | Reached XP level 10. HP: 41/45 MP: 11/11
 12994 | D:10     | Noticed Gastronok
 13013 | D:10     | Killed Gastronok
 13014 | D:10     | Reached skill level 10 in Unarmed Combat
 13614 | D:10     | Slain by a komodo dragon
 13615 | D:10     | Reached XP level 9. HP: 0/64 MP: 10/10
 13644 | D:10     | Killed a komodo dragon
 13739 | D:10     | Noticed a troll
 13748 | D:10     | Killed a troll
 13866 | D:11     | Reached ***** piety under Trog
 13867 | D:11     | Reached XP level 10. HP: 33/49 MP: 11/11
 13986 | D:11     | Noticed a two-headed ogre
 13990 | D:11     | Noticed a brown ugly thing
 14017 | D:11     | Killed a brown ugly thing
 14023 | D:11     | Killed a two-headed ogre
 14023 | D:11     | Slain by a yak

Illustrated notes

Levels and vault maps discovered:
D:1:      psy_arrival_dodecagon, layout_loops_corners,
          chequers_ecumenical_altar_grove, grunt_decor_cap,
          grunt_decor_arrowhead
D:2:      layout_loops_ring, basic_altar, chequers_serial_rivers_room_a
D:3:      layout_loops_ring
D:4:      wander_river, layout_gridville, mainiacjoe_overflow_small_starburst,
          minmay_temple_entry_waves, chequers_avenue, serial_bayou_pond_d,
          minmay_misc_feat_four_crosses, corexii_item_surrounded_by_moat
D:5:      layout_basic
D:6:      lemuel_slime, layout_basic, uniq_edmund
D:7:      layout_loops_ring, zin_academy, trog_hazing_becter,
          kennysheep_generic_room_13
D:8:      layout_loops_cross, special_room [special_room_orc],
          minmay_crystal_room, minmay_hedge_maze, kennysheep_generic_room_3,
          uniq_maurice
D:9:      layout_loops_ring, nicolae_kikubaaqudgha_miasma_corner,
          erik_lair_orcish_takeover, minivault_19
D:10:     layout_irregular_city, uniq_gastronok
D:11:     layout_cave_pools, serial_shops, shop

Skill      XL: |  1  2  3  4  5  6  7  8  9 10 |
---------------+-------------------------------+-----
Stealth        | 1 2 4 5 6 10 9 | 10.0
Unarmed Combat | 4 5 6 9 10 | 10.0
Dodging        | 6 9 10 12 | 12.0
Fighting       | 6 8 7 |  8.8
Evocations     | 1 6 5 |  6.0

Action                   |  1- 3 |  4- 6 |  7- 9 | 10-12 || total
-------------------------+-------+-------+-------+-------++-------
Melee: Unarmed           |   112 |    69 |   432 |   142 ||   755
       Bite              |     2 |     7 |    50 |    23 ||    82
       Punch             |     2 |     4 |    20 |     7 ||    33
Invok: Berserk           |     2 |     5 |    12 |     8 ||    27
       Trog's Hand       |       |       |     4 |     1 ||     5
Evoke: Wand              |       |       |     3 |       ||     3
  Use: Scroll            |       |       |    11 |     2 ||    13
 Stab: Sleeping          |    13 |     3 |    15 |     5 ||    36
       Paralysed         |       |       |     1 |       ||     1
       Distracted        |       |       |       |     1 ||     1
Armor: Skin              |     3 |     2 |     6 |     1 ||    12
Dodge: Dodged            |    60 |    42 |   392 |    98 ||   592
